cohdb
Replays
Latest Replays
All Replays
Popular Replays
Top Player Replays
Match Explorer
How It Works
Community
CoH3 Stats
Reddit
Sign in to upload your games and track your stats! →
Sign in with Steam
Match 45985602
Unlisted
Match 45985602
Overview
Messages
Build Orders
End
Kettenkrad Recon Vehicle
Construct Infanterie Kompanie
Selects Terror Battlegroup
Selects Machine Gun Camouflage
MG 42 Machine Gun Team
MG 42 Machine Gun Team
Construct Panzergrenadier Kompanie
Selects Contempt for the Weak
Pioneer Squad
Panzergrenadier Squad
Panzergrenadier Squad
Support Elements
StuG III G Assault Gun
Medical Station
Panzergrenadier Officer Quarters
Selects No Quarter
Panzergrenadier Squad
Side Skirts
Construct Luftwaffe Kompanie
Jäger Squad
Selects Jericho Trumpet
Jericho Trumpet
Jäger Squad
Jäger Squad
Nebelwerfer 42 Rocket Launcher Team
StuG III G Assault Gun
Alloyzy Klex®
SEPH
Tiensin
7k this year for sure
0
0
Comments
sign in to comment!
No comments posted yet!